 Dungeon Crawl Stone Soup version 0.30.1-11-g7821555f0a (webtiles) character file.

Game seed: 17583125866573188653

123 BigPumpCobain the Ruffian (level 4, -6/35 HPs)
             Began as a Draconian Transmuter on Dec 3, 2023.
             Killed from afar by Robin (11 damage)
             ... with a puff of flame
             ... on level 4 of the Dungeon.
             The game lasted 00:15:19 (3037 turns).

BigPumpCobain the Ruffian (Draconian Transmuter)    Turns: 3037, Time: 00:15:20

Health: -6/35      AC:  5    Str: 14    XL:     4   Next: 79%
Magic:  8/8        EV: 12    Int: 13    God:
Gold:   146        SH:  0    Dex: 12    Spells: 2/8 levels left

rFire   . . .        b - +0 dagger
rCold   . . .        (no shield)
rNeg    . . .        (body armour unavailable)
rPois   .            (helmet restricted)
rElec   .            (no cloak)
rCorr   .            (no gloves)
SInv    .            (no boots)
Will    .....        (no amulet)
Stlth   +            (no ring)
HPRegen 0.25/turn    (no ring)
MPRegen 0.11/turn

%: no passive effects
@: no status effects
A: AC +5, unfitting armour, cold-blooded, mutation resistance 1
a: no special abilities


You were on level 4 of the Dungeon.
You visited 1 branch of the dungeon, and saw 4 of its levels.

You collected 146 gold pieces.

Inventory:

Hand Weapons
 b - a +0 dagger (weapon)
 i - a +0 hand axe
 l - a +0 quarterstaff
Scrolls
 d - 3 scrolls of identify
 e - 2 scrolls of amnesia
 f - a scroll of acquirement {unknown}
 g - a scroll of blinking {unknown}
 h - a scroll of noise {unknown}
 j - 3 scrolls of fog {unknown}
 k - a scroll of enchant armour {unknown}
 o - a scroll of fear {unknown}
 q - 3 scrolls of teleportation {unknown}
Potions
 a - 4 potions of lignification
 c - 4 potions of flight
 m - 2 potions of invisibility
 n - a potion of might {unknown}


   Skills:
 + Level 1.2 Fighting
 + Level 0.7 Short Blades
 - Level 0.1 Axes
 + Level 2.3 Dodging
 + Level 0.9 Stealth
 + Level 3.5 Unarmed Combat
 + Level 2.9 Spellcasting
 * Level 3.1 Transmutations


You had 2 spell levels left.
You knew the following spells:

 Your Spells              Type           Power      Damage    Failure   Level
a - Beastly Appendage     Tmut           20%        N/A       6%          1
b - Wereblood             Tmut           10%        N/A       10%         2
c - Spider Form           Tmut/Pois      6%         N/A       36%         3

Your spell library contained the following spells:

 Spells                   Type           Power      Damage    Failure   Level
 Apportation              Tloc           2%         N/A       24%         1
 Necrotise                Necr           4%         1d4       24%         1
 Summon Small Mammal      Summ           4%         N/A       24%         1
 Call Canine Familiar     Summ           1%         N/A       56%         3
 Gell's Gravitas          Tloc           1%         N/A       56%         3
 Summon Guardian Golem    Hex/Summ       1%         N/A       56%         3
 Teleport Other           Tloc           1%         N/A       56%         3
 Ice Form                 Ice/Tmut       6%         N/A       77%         4
 Dispersal                Tloc           0%         N/A       100%        6


Dungeon Overview and Level Annotations

Branches:
Dungeon (4/15)
 Temple: D:4-7

Altars:
Trog
Xom

Shops:
D:2 (

Annotations:
D:4 Robin


Innate Abilities, Weirdness & Mutations

Your plain brown scales are hard. (AC +5)
You cannot fit into any form of body armour.
You are cold-blooded and may be slowed by cold attacks.
You are somewhat resistant to further mutation.


Message History

You puncture the goblin!
You feel a bit better.
You kill the goblin!
Something hits you. The goblin misses you.
You puncture the goblin!
You feel a bit better.
You kill the goblin!
The hobgoblin goes into a battle-frenzy!
You puncture the kobold!
You feel a bit better.
You kill the kobold!
Something hits you.
You hit the hobgoblin.
You feel a bit better.
You kill the hobgoblin!
Something hits you.
You howl as the wereblood boils in your veins!
Something hits you but does no damage.
Items here: ( ))))))))) †††††††.
You hit something.
Your tail-slap misses something.
Something hits you.
You miss something.
Your primal bloodlust is almost over.
You hear a zap.
A puff of flame appears from out of thin air!
The puff of flame hits you!
* * * LOW HITPOINT WARNING * * *
You feel better. Something hits you.
You feel better. Something hits you.
You are too injured to fight recklessly!
You miss something. Your punch misses something.
You hear a zap.
A puff of flame appears from out of thin air!
The puff of flame hits you!
* * * LOW HITPOINT WARNING * * *
Something hits you but does no damage.
You hear a zap.
A puff of flame appears from out of thin air!
The puff of flame hits you.
* * * LOW HITPOINT WARNING * * *
Your primal bloodlust has ended.
You hear a zap.
A puff of flame appears from out of thin air!
The puff of flame hits you!
You die...

##♣.>.♣## ...#
#)......# #..####.#
#.<.♣.<.# #.......#
#.......# ######)##
##♣...♣## # #......)#
#...# #.###{#######
##'## ##.....#####
#†##..#####......# #
#.##..#####..@...# .
##.....#.......^..#
.##†.##..+..........#
.#......##..........#
....###.##..........#
....# #.##..........#
...####..'.....######
.>......##.....#
#.#####.##.....#


There were no monsters in sight!

Vanquished Creatures
  An iguana (D:4)
  An adder (D:3)
  3 worms
  A dart slug (D:2)
  An orc (D:4)
  5 ball pythons
  10 bats
  2 endoplasms
  3 giant cockroaches
  16 goblins
  9 hobgoblins
  4 jackals (D:2)
  2 quokkas (D:1)
  4 frilled lizards
  6 kobolds
  3 rats
71 creatures vanquished.

Notes
Turn   | Place    | Note
-------+----------+-------------------------------------------
     0 | D:1      | BigPumpCobain the Draconian Transmuter began the quest for
                  | the Orb.
     0 | D:1      | Reached XP level 1. HP: 16/16 MP: 3/3
   349 | D:1      | Reached XP level 2. HP: 22/23 MP: 3/5
   393 | D:1      | Learned a level 2 spell: Wereblood
  1178 | D:2      | Gained mutation: You are somewhat resistant to further
                  | mutation. [potion of mutation]
  1186 | D:2      | Reached XP level 3. HP: 17/28 MP: 4/6
  1520 | D:2      | Found the +5 robe of Misfortune {Harm *Corrode *Slow EV+5}
  1528 | D:2      | Learned a level 3 spell: Spider Form
  1743 | D:2      | Found Naodghusu's Antique Weapon Shop.
  1971 | D:2      | Found a faded altar of an unknown god.
  2262 | D:3      | Reached XP level 4. HP: 24/35 MP: 4/8
  2941 | D:4      | Found a shimmering altar of Xom.
  2941 | D:4      | Found a bloodstained altar of Trog.
  3002 | D:4      | Noticed Robin
  3037 | D:4      | Killed from afar by Robin

Illustrated notes

Levels and vault maps discovered:
D:1:      lightli_arrival_maybe_door_vault, layout_loops_corners
D:2:      layout_basic, shapermc_ecumenical_altar_petra, serial_shops,
          nicolae_shop_tiny_statue_garden
D:3:      layout_basic
D:4:      layout_basic, kennysheep_slug_shrine,
          chequers_temple_overflow_statue_of_worship, grunt_ministairs_7,
          hex_medium, uniq_blork_the_orc, uniq_robin

Skill      XL: |  1  2  3  4 |
---------------+-------------+-----
Dodging        | 2 |  2.3
Transmutations | 3 |  3.1
Fighting       | |  1.2
Short Blades   | |  0.7
Axes           | |  0.1
Stealth        | |  0.9
Unarmed Combat | |  3.5
Spellcasting   | |  2.9

Action                     |  1- 3 |  4- 6 || total
---------------------------+-------+-------++-------
  Melee: Unarmed           |    90 |       ||    90
         Kick              |    17 |    13 ||    30
         Headbutt          |    13 |     7 ||    20
         Tailslap          |    13 |     7 ||    20
         Dagger            |    57 |    52 ||   109
         Hand axe          |     9 |       ||     9
         Punch             |     1 |       ||     1
   Cast: Beastly Appendage |    19 |     9 ||    28
         Wereblood         |    19 |     1 ||    20
    Use: Potion            |     3 |     3 ||     6
         Scroll            |     1 |       ||     1
 Armour: Skin              |    74 |    18 ||    92
  Dodge: Dodged            |   126 |    23 ||   149
